 Dungeon Crawl Stone Soup version 0.23-a0-296-ga3b1b28 (webtiles) character file.

25 iamserjio the Chucker (level 3, 5/18 HPs)
             Began as a Vine Stalker Hunter on Oct 5, 2018.
             Quit the game on level 3 of the Dungeon.
             The game lasted 00:01:14 (156 turns).

iamserjio the Chucker (Vine Stalker Hunter)          Turns: 156, Time: 00:01:15

Health: 5/18       AC:  3    Str: 14    XL:     3   Next: 4%
Magic:  3/4        EV: 12    Int: 12    God:
Gold:   12         SH:  0    Dex: 14    Spells: 2/2 levels left

rFire    . . .     SeeInvis .   a - +0 short sword
rCold    . . .     Gourm    .   (no shield)
rNeg     . . .     Faith    .   b - +0 leather armour
rPois    .         Spirit   +   (no helmet)
rElec    .         Reflect  .   (no cloak)
rCorr    .         Harm     .   (no gloves)
MR       .....                  (no boots)
Stlth    ++........             (no amulet)
HPRegen  0.06/turn              (no ring)
MPRegen  0.09/turn              (no ring)

@: lethally poisoned (5 -> -1)
A: fangs 2, magic shield, antimagic bite, no potion heal 3, rot immunity
a: no special abilities


You were on level 3 of the Dungeon.
You were not hungry.

You visited 1 branch of the dungeon, and saw 3 of its levels.

You collected 12 gold pieces.

Inventory:

Hand Weapons
 a - a +0 short sword (weapon)
Missiles
 c - 6 javelins (quivered)
 d - 2 throwing nets {!f}
Armour
 b - a +0 leather armour (worn)
Scrolls
 e - a scroll of identify {unknown}
 g - a scroll of enchant weapon {unknown}
 h - a scroll of teleportation {unknown}
Comestibles
 f - 3 rations


   Skills:
 - Level 2.0 Fighting
 - Level 3.6 Throwing
 - Level 1.5 Dodging
 - Level 1.2 Stealth
 * Level 2.3 Unarmed Combat


You had 2 spell levels left.
You didn't know any spells.
Your spell library was empty.

Dungeon Overview and Level Annotations

Branches:
Dungeon (3/15)

Altars:


Innate Abilities, Weirdness & Mutations

You have extremely sharp teeth.
When hurt, damage is shared between your health and your magic reserves.
Your bite disrupts and absorbs the magic of your enemies.
Potions cannot restore your health.
You are immune to rotting.


Message History

An adder comes into view.
There is a stone staircase leading up here.
The helpless adder fails to defend itself.
You hit the adder. Your bite misses the adder. The adder bites you.
You closely miss the adder. You bite the adder, but do no damage.
The adder misses you.
You closely miss the adder. Your bite misses the adder. The adder bites you.
The adder barely misses you.
You closely miss the adder. Your bite misses the adder.
The adder closely misses you.
You barely miss the adder. The adder bites you.
You are lethally poisoned!
The adder poisons you! The adder closely misses you.
You hit the adder but do no damage.
* * * LOW HITPOINT WARNING * * *
You feel sick. The adder misses you.
You miss the adder. The adder barely misses you.
You aren't carrying any potions.
Unknown command.
Okay, then.

##########
#S@.......
#.........
#.........
###...####
.#.# .#.#
.# # .#


You could see an adder.

Vanquished Creatures
  An adder (D:2)
  2 oozes (D:2)
  A goblin (D:2)
  A hobgoblin (D:2)
  2 kobolds (D:2)
  A rat (D:2)
8 creatures vanquished.

Notes
Turn   | Place    | Note
-------+----------+-------------------------------------------
     0 | D:1      | iamserjio the Vine Stalker Hunter began the quest for the
                  | Orb.
     0 | D:1      | Reached XP level 1. HP: 11/11 MP: 2/2
    66 | D:2      | Reached skill level 1 in Unarmed Combat
    66 | D:2      | Reached XP level 2. HP: 10/15 MP: 1/3
   133 | D:2      | Reached XP level 3. HP: 8/18 MP: 2/4
   156 | D:3      | Quit the game

Vault maps used:
D:1:      scummos_arrival_star
D:2:      first_ration, nemelex_diamond_rough_becter, uniq_jessica
D:3:      kennysheep_goblin_castle

Skill      XL: |  1  2 |
---------------+-------+-----
Fighting       | 2 |  2.0
Unarmed Combat | 1 2 |  2.3
Throwing       | |  3.6
Dodging        | |  1.5
Stealth        | |  1.2

Action                   || total
-------------------------++-------
Melee: Short sword       ||    35
       Bite              ||     7
 Stab: Sleeping          ||     1
Armor: Leather armour    ||     7
Dodge: Dodged            ||    21

Table legend:
 A = Non-vault XP
 B = Vault XP
 C = Vault XP percentage of total XP
 D = Non-vault monster count
 E = Vault monster count
 F = Vault count percentage of total count
                 A         B        C        D         E       F
            +---------+---------+-------+---------+---------+-------
      Total |      36 |       0 |   0.0 |       8 |       0 |   0.0
            +---------+---------+-------+---------+---------+-------
        D:2 |      36 |       0 |   0.0 |       8 |       0 |   0.0
            +---------+---------+-------+---------+---------+-------
